 Dungeon Crawl Stone Soup version 0.31-a0-654-gbe3e110b4e (webtiles) character file.

Game seed: 15403483291702083280

9 Dirtsage the Changeling (level 2, 0/27 HPs)
             Began as an Octopode Shapeshifter on Aug 29, 2023.
             Slain by a quokka (3 damage)
             ... on level 1 of the Dungeon.
             The game lasted 00:00:23 (194 turns).

Dirtsage the Changeling (Octopode Shapeshifter)      Turns: 194, Time: 00:00:23

Health: 0/27       AC: 21    Str: 13    XL:     2   Next: 12%
Magic:  2/2        EV:  2    Int: 12    God:
Gold:   0          SH:  0    Dex: 11    Spells: 1/1 levels left

rFire   . .          .
                       - Unarmed
rCold   . . .        (no shield)
rNeg    . . .        (helmet currently unavailable)
rPois   +            (no amulet)
rElec   .            d - +4 ring of slaying
rCorr   .            (no ring)
SInv    .            (no ring)
Will    .....        (no ring)
Stlth   +            (no ring)
HPRegen 0.24/turn    (no ring)
MPRegen 0.08/turn    (no ring)
                     (no ring)

%: no passive effects
@: tree-form
A: stationary, stasis, torment immunity, boosted hp, almost no armour,
(amphibious), 8 rings, (camouflage 1), (gelatinous body 1), (nimble swimmer 1),
(tentacles)
a: no special abilities


You were on level 1 of the Dungeon.
You were a tree.
You visited 1 branch of the dungeon, and saw 1 of its levels.

Inventory:

Jewellery
 d - a +4 ring of slaying (left branch)
Talismans
 b - a beast talisman
 c - a flux talisman


   Skills:
 - Level 1.0 Fighting
 - Level 2.0 Dodging
 + Level 3.2 Unarmed Combat
 * Level 3.3 Shapeshifting


You had one spell level left.
You didn't know any spells.
Your spell library was empty.

Dungeon Overview and Level Annotations

Branches:
Dungeon (1/15)

Altars:


Innate Abilities, Weirdness & Mutations

You are a tree.
Your roots penetrate the ground, keeping you stationary.
You cannot be teleported.
You are immune to unholy pain and torment.
Your maximum health is greatly increased.
You cannot wear most types of armour.
((You are amphibious.))
You can wear up to eight rings at the same time.
((Your skin changes colour to match your surroundings (Stealth+).))
((Your rubbery body absorbs attacks. (AC +1, EV +1)))
((You are camouflaged when in or above water. (Stealth+)))
((You have tentacles for arms and can constrict up to eight enemies at once.))


Message History

You take 2 damage, and have 13/18 hp.
You tentacle-slap the ball python. Your grab misses the ball python.
The ball python is moderately wounded.
The quokka closely misses you. The ball python closely misses you.
The ball python constricts you. The giant cockroach bites you.
The frilled lizard bites you.
You take 4 damage, and have 9/18 hp.
MASSIVE DAMAGE!!
You are too injured to fight recklessly!
You escape the ball python's grasp.
The quokka bites you.
* * * LOW HITPOINT WARNING * * *
You take 5 damage, and have 4/18 hp.
MASSIVE DAMAGE!!
The frilled lizard misses you.
The giant cockroach attacks as it pursues you!
The giant cockroach barely misses you.
The frilled lizard attacks as it pursues you!
The frilled lizard bites you.
* * * LOW HITPOINT WARNING * * *
You take 2 damage, and have 3/18 hp.
The giant cockroach bites you.
* * * LOW HITPOINT WARNING * * *
You take 1 damage, and have 2/18 hp.
The giant cockroach attacks as it pursues you!
The giant cockroach bites you.
* * * LOW HITPOINT WARNING * * *
You take 1 damage, and have 1/18 hp.
Your transformation has ended.
You turn into a tree.
Your roots penetrate the ground.
The giant cockroach bites you but does no damage.
You now have 2/27 hp.
You hit the giant cockroach.
The giant cockroach is heavily wounded.
The giant cockroach bites you but does no damage.
You hit the giant cockroach.
You kill the giant cockroach!
You smack the ball python!
You kill the ball python!
You closely miss the quokka.
The quokka is heavily wounded.
The quokka bites you.
You die...

#.^.......##.# .......
..### ^.... ##... #####
#.#####..####..#######...#
#....................#...+
#.$........>.............#
#..........l..#.#.##.†...#
#.......###r#.....##.##..##
#.......# #♣###.#.##.#..†)#
######### ### #.#.##.####.#
#...##.# #.# #.#.##.# #.#
#....... #.# #....... #.#
#........ #.## #... ....
#..# ######### ##..


You could see a quokka and a frilled lizard.

Vanquished Creatures
  A giant cockroach (D:1)
  A hobgoblin (D:1)
  A kobold (D:1)
  6 ball pythons (D:1)
9 creatures vanquished.

Notes
Turn   | Place    | Note
-------+----------+-------------------------------------------
     0 | D:1      | Dirtsage the Octopode Shapeshifter began the quest for the
                  | Orb.
     0 | D:1      | Reached XP level 1. HP: 13/13 MP: 1/1
   106 | D:1      | Reached XP level 2. HP: 5/18 MP: 2/2
   194 | D:1      | Slain by a quokka

Illustrated notes

Levels and vault maps discovered:
D:1:      minmay_arrival_floating_metal, layout_basic, hangedman_decor_push,
          nicolae_wormholes

Action                     || total
---------------------------++-------
  Melee: Unarmed           ||    18
         Constrict         ||     2
         Tentacles         ||     1
    Use: Potion            ||     1
 Armour: Skin              ||     2
  Dodge: Dodged            ||    17

Table legend: (Time is in decaauts)
 A = Elapsed time spent in this place.
 B = Non-inter-level travel time spent in this place.
 C = Inter-level travel time spent in this place.
 D = Time resting spent in this place.
 E = Time spent auto-exploring this place.
 F = Levels seen in this place.
 G = Mean time per level.
                   A        B        C        D        E       F      G
               +--------+--------+--------+--------+--------+-----+--------+
         Total |    192 |    192 |      0 |     55 |     98 |   1 |  192.0 |
       Dungeon |    192 |    192 |      0 |     55 |     98 |   1 |  192.0 |
               +--------+--------+--------+--------+--------+-----+--------+

Top non-repeatable levels by time:
     D:1: 192 daAuts
